 Dungeon Crawl Stone Soup version 0.29-a0-920-g5d2155ec51 (webtiles) character file.

Game seed: 4325629807777370230

1302 Garessta the Caller (level 8, -11/46 HPs)
             Began as an Octopode Summoner on July 27, 2022.
             Was a Priest of Elyvilon.
             Mangled by an ice beast (14 damage)
             ... on level 6 of the Dungeon.
             The game lasted 00:28:10 (8441 turns).

Garessta the Caller (Octopode Summoner)             Turns: 8441, Time: 00:28:11

Health: -11/46     AC:  1    Str: 13    XL:     8   Next: 57%
Magic:  0/15       EV: 13    Int: 19    God:    Elyvilon [***...]
Gold:   247        SH:  0    Dex: 13    Spells: 4/17 levels left

rFire   + . .      SeeInvis .   a - +0 longbow
rCold   . . .      Faith    .   (shield currently unavailable)
rNeg    . . .      Spirit   .   (helmet restricted)
rPois   +          Reflect  .   (no amulet)
rElec   .          Harm     .   g - ring of poison resistance
rCorr   .          Rampage  .   k - ring of protection from fire
Will    .....                   l - +6 ring of strength
Stlth   ++++......              (no ring)
HPRegen 0.15/turn               (no ring)
MPRegen 0.14/turn               (no ring)
                                (no ring)
                                (no ring)

@: about to teleport
A: almost no armour, amphibious, 8 rings, camouflage 1, gelatinous body 1,
(nimble swimmer 1), tentacles
a: Renounce Religion, Purification, Heal Other, Heal Self


You were on level 6 of the Dungeon.
You worshipped Elyvilon.
Elyvilon was most pleased with you.
You visited 2 branches of the dungeon, and saw 7 of its levels.

You collected 247 gold pieces.

Inventory:

Hand Weapons
 a - a +0 longbow (weapon)
 b - a +3 dagger of draining
Missiles
 n - 17 poisoned darts
 q - 5 curare-tipped darts
 s - 2 boomerangs
 z - 2 boomerangs of dispersal
Armour
 o - a +0 buckler
Jewellery
 g - a ring of poison resistance (left tentacle)
 k - a ring of protection from fire (right tentacle)
 l - a +6 ring of strength (on tentacle)
 v - a ring of ice
Wands
 A - a wand of quicksilver (14)
Scrolls
 d - 10 scrolls of identify {unknown}
 h - a scroll of blinking {unknown}
 i - 7 scrolls of teleportation
 m - a scroll of immolation {unknown}
 r - a scroll of enchant armour {unknown}
 u - 4 scrolls of noise {unknown}
 w - a scroll of amnesia {unknown}
 y - 2 scrolls of vulnerability {unknown}
Potions
 c - 4 potions of heal wounds {unknown}
 e - 2 potions of curing {unknown}
 f - a potion of berserk rage {unknown}
 j - 5 potions of haste
 p - 2 potions of mutation {unknown}
 t - a potion of attraction {unknown}
 x - a potion of magic


   Skills:
 - Level 3.0 Dodging
 - Level 4.2 Stealth
 + Level 5.2 Spellcasting
 + Level 4.3 Hexes
 + Level 6.7 Summonings
 + Level 3.2 Air Magic


You had 4 spell levels left.
You knew the following spells:

 Your Spells              Type           Power      Damage    Failure   Level
a - Call Canine Familiar  Summ           30%        N/A       2%          3
b - Summon Guardian Gole  Hex/Summ       26%        N/A       3%          3
c - Summon Lightning Spi  Summ/Air       23%        N/A       16%         4
d - Call Imp              Summ           30%        N/A       1%          2
e - Summon Small Mammal   Summ           100%       N/A       1%          1

Your spell library contained the following spells:

 Spells                   Type           Power      Damage    Failure   Level
 Poisonous Vapours        Pois/Air       22%        N/A       10%         2
 Sting                    Tmut/Pois      16%        1d3       12%         1
 Olgreb's Toxic Radiance  Pois           4%         N/A       77%         4


Dungeon Overview and Level Annotations

Branches:
Dungeon (6/15)             Temple (1/1) D:4

Altars:
Ashenzari
Dithmenos
Elyvilon
Fedhas
Hepliaklqana
Kikubaaqudgha
Makhleb
Nemelex Xobeh
Okawaru
Qazlal
Ru
Sif Muna
Trog
Vehumet
Wu Jian
Xom
Zin


Innate Abilities, Weirdness & Mutations

You cannot wear most types of armour.
You are amphibious.
You can wear up to eight rings at the same time.
Your skin changes colour to match your surroundings (Stealth+).
Your rubbery body absorbs attacks. (AC +1, EV +1)
((You are camouflaged when in or above water. (Stealth+)))
You have tentacles for arms and can constrict up to eight enemies at once.


Message History

Flame seeps out of your guardian golem.
The ice beast hits your guardian golem but does no damage.
Your guardian golem is engulfed in blazing flames.
Flame seeps out of your guardian golem.
Your hound bites the ice beast but does no damage.
The ice beast hits your guardian golem but does no damage.
Your hound misses the ice beast.
The ice beast hits your guardian golem but does no damage.
Your hound bites the ice beast.
Your guardian golem disappears in a puff of smoke!
Your hound bites the ice beast but does no damage.
The ice beast closely misses your hound.
You don't have enough magic to cast this spell.
Your hound bites the ice beast.
The ice beast hits your hound. The ice beast freezes your hound!
Your hound bites the ice beast.
Your hound misses the ice beast. The ice beast barely misses your hound.
Your hound bites the ice beast.
The ice beast closely misses your hound.
Your hound bites the ice beast but does no damage.
Your hound misses the ice beast. The ice beast hits your hound.
Your hound dies!
Your hound's corpse disappears in a puff of smoke!
The ice beast attacks as you move away! The ice beast hits you.
The ice beast freezes you!
* * * LOW HITPOINT WARNING * * *
Found a short sword.
Your hound bites the ice beast but does no damage.
The ice beast hits your hound. The ice beast freezes your hound!
Your hound dies!
Your hound's corpse disappears in a puff of smoke!
As you read the scroll of teleportation, it crumbles to dust.
You feel strangely unstable.
Fire: a) +0 longbow
Press: ? - help, Q - select action, (/) - cycle Shift-Dir - straight line, f/p - ice beast
Aim: an ice beast (almost dead, 52% to hit)
You shoot an arrow. The arrow barely misses the ice beast.
The ice beast hits you. Elyvilon protects you from harm!
The ice beast freezes you!
You die...

. ... ...# )...##
#...### #..$ #....#
#....#...@##
.......#....#...Y.##
!......##..........##
........###.#.......#
.....(..............##
........####.........#
#..).... ##.........#
#.....####..........#
#..................#


You could see an ice beast.

Vanquished Creatures
  An iguana (D:5)
  An adder (D:4)
  An ufetubus (D:4)
  2 worms (D:2)
  A dart slug (D:5)
  An orc (D:4)
  3 ball pythons
  A giant cockroach (D:1)
  A goblin (D:3)
  4 kobolds
  2 quokkas (D:2)
  2 bats (D:3)
  2 rats
22 creatures vanquished.

Vanquished Creatures (collateral kills)
  A phantom (D:4)
  A kobold brigand (D:6)
  A necrophage (D:6)
  4 orc priests
  4 hounds
  An iguana (D:5)
  2 orc wizards (D:4)
  7 adders
  A shadow imp (D:5)
  2 white imps
  2 ufetubi
  3 worms
  5 dart slugs
  20 orcs
  5 ball pythons
  4 endoplasms
  5 giant cockroaches
  6 goblins
  6 hobgoblins
  3 jackals (D:1)
  10 kobolds
  3 quokkas
  3 bats
  3 frilled lizards
  4 rats
106 creatures vanquished.

Vanquished Creatures (others)
  A sky beast (D:6)
  An ogre (D:5)
  A black bear (D:6)
  An ice beast (D:6)
  A bullfrog (D:6)
  A jelly (D:6)
  An iguana (D:6)
  An orc wizard (D:6)
  A white imp (D:6)
  An orc (D:6)
  6 plants (D:1)
16 creatures vanquished.

Grand Total: 144 creatures vanquished

Notes
Turn   | Place    | Note
-------+----------+-------------------------------------------
     0 | D:1      | Garessta the Octopode Summoner began the quest for the Orb.
     0 | D:1      | Reached XP level 1. HP: 11/11 MP: 3/3
   259 | D:1      | Reached XP level 2. HP: 17/17 MP: 1/5
   655 | D:1      | Learned a level 2 spell: Call Imp
   744 | D:1      | Reached XP level 3. HP: 14/21 MP: 4/6
  1862 | D:2      | Reached XP level 4. HP: 27/27 MP: 2/7
  1883 | D:2      | Learned a level 3 spell: Call Canine Familiar
  1956 | D:2      | Found a faded altar of an unknown god.
  2485 | D:3      | Found a white marble altar of Elyvilon.
  2493 | D:3      | Became a worshipper of Elyvilon the Healer
  2655 | D:3      | Reached XP level 5. HP: 31/31 MP: 9/9
  3211 | D:3      | Found a bloodstained altar of Trog.
  3299 | D:3      | Reached * piety under Elyvilon
  3331 | D:3      | Learned a level 3 spell: Summon Guardian Golem
  3618 | D:4      | Found a shadowy altar of Dithmenos.
  3750 | D:4      | Noticed a phantom
  3874 | D:4      | Killed a phantom
  3875 | D:4      | Reached skill level 1 in Hexes
  3875 | D:4      | Reached skill level 5 in Summonings
  3875 | D:4      | Reached XP level 6. HP: 22/36 MP: 1/11
  5063 | D:4      | Found a staircase to the Ecumenical Temple.
  5071 | Temple   | Entered the Ecumenical Temple
  5246 | D:5      | Entered Level 5 of the Dungeon
  5311 | D:5      | Reached ** piety under Elyvilon
  5384 | D:5      | Found a stormy altar of Qazlal.
  5706 | D:5      | Reached XP level 7. HP: 30/41 MP: 11/13
  5717 | D:5      | Learned a level 4 spell: Summon Lightning Spire
  6122 | D:5      | Reached skill level 1 in Air Magic
  6466 | D:5      | Found a burning altar of Makhleb.
  6738 | D:6      | Reached skill level 6 in Summonings
  7306 | D:6      | Reached XP level 8. HP: 32/46 MP: 4/15
  7632 | D:6      | Reached *** piety under Elyvilon
  7774 | D:6      | Reached skill level 5 in Spellcasting
  8441 | D:6      | Elyvilon protects you from harm!
  8441 | D:6      | Mangled by an ice beast

Illustrated notes

Levels and vault maps discovered:
D:1:      minmay_arrival_widening_spiral_wide, layout_loops_ring, serial_bayou,
          serial_bayou_pond_e, serial_bayou_lagoon_a, serial_bayou_pond_b,
          serial_bayou_ford_a
D:2:      layout_loops_ring, shapermc_ecumenical_altar_totnotflames
D:3:      layout_loops_corners, trog_hazing_becter,
          mainiacjoe_overflow_cross_hatched
D:4:      layout_rooms, overflow_temple_1_default, temple_green
D:5:      layout_basic, lightli_temple_of_fire,
          mainiacjoe_overflow_concentric_impassable
D:6:      minmay_evil_eye, layout_cave_pods, minmay_bent
Temple:   hellmonk_temple_forest_ring

Skill      XL: |  1  2  3  4  5  6  7  8 |
---------------+-------------------------+-----
Stealth        | 3 4 |  4.2
Dodging        | 3 |  3.0
Spellcasting   | 3 4 5 |  5.2
Hexes          | 1 2 3 4 |  4.3
Summonings     | 5 6 |  6.7
Air Magic      | 2 3 |  3.2

Action                   |  1- 3 |  4- 6 |  7- 9 || total
-------------------------+-------+-------+-------++-------
Melee: Dagger            |    19 |    24 |       ||    43
       Constrict         |     2 |    11 |       ||    13
       Tentacles         |     2 |     5 |       ||     7
       Unarmed           |       |     7 |       ||     7
       Punch             |       |     1 |       ||     1
 Fire: Longbow           |       |       |     3 ||     3
 Cast: Summon Small Mamm |    27 |     9 |     2 ||    38
       Call Imp          |     8 |     2 |       ||    10
       Call Canine Famil |       |    39 |    36 ||    75
       Summon Guardian G |       |       |    30 ||    30
  Use: Scroll            |       |       |     2 ||     2
 Stab: Sleeping          |     2 |     1 |       ||     3
       Distracted        |     1 |       |       ||     1
Armor: Skin              |     2 |     3 |     2 ||     7
Dodge: Dodged            |    14 |    44 |    39 ||    97

Table legend: (Time is in decaauts)
 A = Elapsed time spent in this place.
 B = Non-inter-level travel time spent in this place.
 C = Inter-level travel time spent in this place.
 D = Time resting spent in this place.
 E = Time spent auto-exploring this place.
 F = Levels seen in this place.
 G = Mean time per level.
                   A        B        C        D        E       F      G
               +--------+--------+--------+--------+--------+-----+--------+
         Total |   8442 |   8116 |    326 |    690 |   5605 |   7 | 1206.0 |
       Dungeon |   8280 |   7967 |    313 |    690 |   5467 |   6 | 1380.0 |
        Temple |    161 |    148 |     13 |      0 |    138 |   1 |  161.0 |
               +--------+--------+--------+--------+--------+-----+--------+

Top non-repeatable levels by time:
     D:5: 1831 daAuts
     D:4: 1546 daAuts
     D:6: 1316 daAuts
     D:3: 1269 daAuts
     D:1: 1242 daAuts
     D:2: 1074 daAuts
  Temple: 161 daAuts
